[Event "Titled Tuesday Blitz January 03 Early 2023"]
[White "Melikhov, Evgeny V."]
[Black "Bikuzhin, Maksim"]
[WhiteFideId "4122046"]
[BlackFideId "24128015"]
[WhiteElo "2269"]
[BlackElo "2279"]
[Result "0-1"]
[Round "03"]
[TimeControl "180+2"]
[Date "2023.01.03"]
[WhiteClock "0:00:01"]
[BlackClock "0:00:39"]

1. d4 Nf6 2. c4 e6 3. Nc3 d5 4. cxd5 Nxd5 5. e4 Nxc3 6. bxc3 c5 7. Nf3 cxd4 8. cxd4 Bb4+ 9. Bd2 Bxd2+ 10. Qxd2 O-O 11. Bd3 b6 12. O-O Bb7 13. Rfe1 Nd7 14. Rad1 Re8 15. e5 Bxf3 16. gxf3 Rc8 17. f4 Nf8 18. Be4 g6 19. d5 exd5 20. Qxd5 Qh4 21. f5 Rcd8 22. Qb3 Rxd1 23. Qxd1 Rxe5 24. Qd4 Qe7 25. fxg6 hxg6 26. Re3 Rg5+ 27. Rg3 Ne6 28. Qc3 Nf4 29. Qc8+ Kg7 30. Rxg5 Qxg5+ 31. Kf1 Qe5 32. f3 Qa1+ 33. Kf2 Qxa2+ 34. Kg3 Nh5+ 35. Kh3 Qb2 36. Qd7 Nf4+ 37. Kg3 Qe5 38. Qxa7 b5 39. Kf2 b4 40. Qb7 Qb2+ 41. Kg3 Ne2+ 42. Kh3 b3 43. Bd5 Nf4+ 44. Kg3 Nxd5 45. Qxd5 Qc3 46. Qb7 b2 47. h4 Qe1+ 0-1


[Site "https://www.chess.com"]

[Event "Titled Tuesday Blitz January 03 Early 2023"]
[White "Harshavardhan G B"]
[Black "Wilson, Elvin"]
[WhiteFideId "25059009"]
[BlackFideId "2014874"]
[WhiteElo "2408"]
[BlackElo "2183"]
[Result "1-0"]
[Round "03"]
[TimeControl "180+2"]
[Date "2023.01.03"]
[WhiteClock "0:00:23"]
[BlackClock "0:00:18"]

1. Nf3 Nf6 2. d4 e6 3. c4 d5 4. g3 Bb4+ 5. Nbd2 dxc4 6. Bg2 b5 7. Qc2 Bb7 8. a4 a6 9. O-O O-O 10. e4 Nc6 11. e5 Nd5 12. Ne4 h6 13. h4 Be7 14. h5 Ndb4 15. Qd2 Nd3 16. Qe3 Ncb4 17. Qe2 Nxc1 18. Raxc1 Nd3 19. Rcd1 Bd5 20. Nfd2 Nxb2 21. Rb1 c3 22. Nxc3 Bxg2 23. Kxg2 b4 24. Nce4 Qxd4 25. Nf3 Qd7 26. Rxb2 Qxa4 27. Qc4 c5 28. Rd2 Rfc8 29. Rfd1 Qb5 30. Qxb5 axb5 31. Rd7 Bf8 32. Rb7 Rab8 33. Rdd7 Rxb7 34. Rxb7 c4 35. Nd6 Bxd6 36. exd6 c3 37. d7 Rd8 38. Ne5 f6 39. Rc7 c2 40. Rc8 Kh7 41. Rxd8 c1=Q 42. Rh8+ Kxh8 43. d8=Q+ Kh7 44. Ng6 Qc6+ 45. Kh2 1-0


[Site "https://www.chess.com"]

[Event "Titled Tuesday Blitz January 03 Early 2023"]
[White "Agasarov, Benik"]
[Black "Nathan, Nitish"]
[WhiteFideId "13314823"]
[BlackFideId "30927870"]
[WhiteElo "2235"]
[BlackElo "2071"]
[Result "1-0"]
[Round "03"]
[TimeControl "180+2"]
[Date "2023.01.03"]
[WhiteClock "0:00:17"]
[BlackClock "0:00:05"]

1. e4 c5 2. Nf3 Nc6 3. Nc3 e5 4. Bc4 Be7 5. d3 d6 6. Nd2 Nf6 7. Nf1 O-O 8. Ne3 Nd4 9. a4 Rb8 10. O-O a6 11. a5 Be6 12. Bd2 Qd7 13. Ncd5 Bxd5 14. Nxd5 Nxd5 15. Bxd5 Kh8 16. c3 Ne6 17. Qg4 Qc8 18. Rfe1 Nd8 19. Qg3 f5 20. exf5 Qxf5 21. Re3 Nc6 22. Rf1 Qh5 23. Be4 Bg5 24. f4 exf4 25. Ref3 Ne5 26. R3f2 Bh4 27. Rxf4 Rxf4 28. Qxf4 Bf6 29. d4 cxd4 30. cxd4 Nc4 31. Bc3 h6 32. d5 Ne5 33. h3 Qg5 34. Qxg5 hxg5 35. Bf5 b6 36. axb6 Rxb6 37. Rc1 Rb8 38. Bb4 Nf7 39. Ba3 Ne5 40. Bxd6 Rd8 41. Bc7 Ra8 42. d6 g6 43. d7 gxf5 44. Bxe5 1-0


[Site "https://www.chess.com"]

[Event "Titled Tuesday Blitz January 03 Early 2023"]
[White "Kusa, Jakub"]
[Black "Aaditya Dhingra"]
[WhiteFideId "395595"]
[BlackFideId "25678191"]
[WhiteElo "2366"]
[BlackElo "2027"]
[Result "0-1"]
[Round "03"]
[TimeControl "180+2"]
[Date "2023.01.03"]
[WhiteClock "0:00:20"]
[BlackClock "0:00:58"]

1. d4 d5 2. c4 e6 3. Nf3 Nf6 4. g3 dxc4 5. Bg2 a6 6. O-O Nc6 7. e3 Bd7 8. Qe2 Bd6 9. Qxc4 O-O 10. Nc3 Rb8 11. b3 e5 12. Bb2 exd4 13. Nxd4 Nxd4 14. Qxd4 Be6 15. Ne4 Be7 16. Qxd8 Rfxd8 17. Nxf6+ Bxf6 18. Bxf6 gxf6 19. Rfd1 c6 20. h3 Kf8 21. Kf1 Ke7 22. Ke2 a5 23. g4 a4 24. bxa4 Ra8 25. Rxd8 Kxd8 26. Rd1+ Kc7 27. Rd4 Bxa2 28. Be4 h6 29. Bc2 Be6 30. Rf4 b5 31. axb5 cxb5 32. Rxf6 Ra2 33. Kd3 b4 34. Rxh6 b3 35. Bxb3 Bxb3 36. f4 Rh2 37. h4 Bd1 38. g5 Kd7 39. Kd4 Bc2 40. h5 Ke7 41. Rh8 Bg6 42. h6 Rd2+ 43. Ke5 Ra2 44. h7 Rh2 45. f5 Rxh7 46. Ra8 Bh5 47. Ra7+ Kd8 48. g6 f6+ 49. Kxf6 Rxa7 50. g7 Bf7 51. e4 Ke8 52. e5 Bg8 53. e6 Ra6 54. Kg6 Ke7 55. f6+ Kxe6 56. f7 Bxf7+ 0-1


[Site "https://www.chess.com"]

[Event "Titled Tuesday Blitz January 03 Early 2023"]
[White "Janaszak, Dawid"]
[Black "Kovacsy, Barnabas"]
[WhiteFideId "1119206"]
[BlackFideId "769290"]
[WhiteElo "2316"]
[BlackElo "2245"]
[Result "1-0"]
[Round "03"]
[TimeControl "180+2"]
[Date "2023.01.03"]
[WhiteClock "0:00:36"]
[BlackClock "0:00:23"]

1. d4 Nf6 2. c4 g6 3. h4 h5 4. Nc3 d5 5. Bg5 Bg7 6. Bxf6 Bxf6 7. Nxd5 Bg7 8. e3 c5 9. Nf3 Nc6 10. Be2 e6 11. Nc3 cxd4 12. exd4 Nxd4 13. Nxd4 Qxd4 14. Qb3 O-O 15. Rd1 Qf6 16. g3 b6 17. O-O Bb7 18. f4 Rad8 19. Bf3 Bxf3 20. Rxf3 Rxd1+ 21. Qxd1 Qd4+ 22. Qxd4 Bxd4+ 23. Kf1 Rc8 24. b3 Kf8 25. Nb5 Bc5 26. Rd3 Ke8 27. Nxa7 Ra8 28. Nc6 Rc8 29. Ne5 Bb4 30. a4 f6 31. Nd7 Ke7 32. Nxb6 Rb8 33. c5 Bxc5 34. Nd7 Rc8 35. Nxc5 Rxc5 36. Ke2 g5 37. fxg5 fxg5 38. Kd2 gxh4 39. gxh4 e5 40. Rc3 Rd5+ 41. Ke3 Kd6 42. b4 Ke6 43. Rd3 1-0


[Site "https://www.chess.com"]

[Event "Titled Tuesday Blitz January 03 Early 2023"]
[White "Mei, Austin"]
[Black "Jiganchine, Roman"]
[WhiteFideId "30948479"]
[BlackFideId "2603667"]
[WhiteElo "2218"]
[BlackElo "2205"]
[Result "1-0"]
[Round "03"]
[TimeControl "180+2"]
[Date "2023.01.03"]
[WhiteClock "0:01:13"]
[BlackClock "0:00:04"]

1. e4 c6 2. d4 d5 3. e5 Bf5 4. h4 h5 5. Bd3 Bxd3 6. Qxd3 Qa5+ 7. Nd2 e6 8. Nf3 Qa6 9. c4 Ne7 10. O-O Nf5 11. b3 Be7 12. g3 Nd7 13. Bb2 O-O 14. Kg2 Rfd8 15. Qc2 Rac8 16. c5 b6 17. b4 f6 18. exf6 Bxf6 19. Rfe1 Re8 20. Nb3 Qc4 21. Qd2 bxc5 22. bxc5 Rb8 23. Rac1 Qb4 24. Bc3 Qa4 25. Re2 Nf8 26. Rce1 Rb5 27. Ng1 Qa6 28. Nh3 e5 29. dxe5 d4 30. exf6 Rxe2 31. Qxe2 dxc3 32. Qc4+ Kh7 33. Ng5+ Kg6 34. Qf7+ Kh6 35. fxg7 Nh7 36. g8=N# 1-0


[Site "https://www.chess.com"]

[Event "Titled Tuesday Blitz January 03 Early 2023"]
[White "Mihailidis, Anastasios"]
[Black "Dushyant Sharma"]
[WhiteFideId "4205588"]
[BlackFideId "25065130"]
[WhiteElo "2208"]
[BlackElo "2355"]
[Result "0-1"]
[Round "03"]
[TimeControl "180+2"]
[Date "2023.01.03"]
[WhiteClock "0:00:02"]
[BlackClock "0:00:08"]

1. e4 d5 2. exd5 Nf6 3. d4 Bg4 4. f3 Bf5 5. Bb5+ c6 6. dxc6 Nxc6 7. c3 e6 8. Ne2 Bd6 9. Bd3 Bg6 10. O-O Qc7 11. g3 O-O 12. Bf4 e5 13. dxe5 Nxe5 14. Bxg6 hxg6 15. Kg2 Rad8 16. Qc2 Nc4 17. Nd2 Bxf4 18. Nxc4 Bh6 19. Qb3 Nd5 20. Kh1 Rfe8 21. Nd4 a6 22. a4 Rc8 23. Na3 Be3 24. Qxd5 Rcd8 25. Qc4 Qb6 26. b3 Bxd4 27. cxd4 Rxd4 28. Qc3 Red8 29. Nc4 Qc5 30. Qa5 b5 31. axb5 axb5 32. Ne3 Rd2 33. Ng2 Qc2 34. Rg1 Qb2 35. Qb4 Rxg2 36. Rxg2 Qxa1+ 37. Rg1 Qb2 38. Qxb5 Rd2 39. Qb8+ Kh7 40. g4 Qc3 41. Qg3 Qxb3 42. Re1 Qb5 43. Kg1 Qc5+ 44. Kh1 Qc6 45. Qh3+ Kg8 46. Qg3 Rd3 47. Kg2 Rd8 48. Kh1 Ra8 49. Kg2 g5 50. h4 gxh4 51. Qxh4 Ra2+ 52. Kg3 Qc7+ 53. f4 Qc3+ 54. Re3 Qxe3# 0-1


[Site "https://www.chess.com"]

[Event "Titled Tuesday Blitz January 03 Early 2023"]
[White "Bashirli, Saadat"]
[Black "Lehtosaari, Mauri"]
[WhiteFideId "13429990"]
[BlackFideId "501999"]
[WhiteElo "1571"]
[BlackElo "2176"]
[Result "0-1"]
[Round "03"]
[TimeControl "180+2"]
[Date "2023.01.03"]
[WhiteClock "0:00:07"]
[BlackClock "0:00:21"]

1. d4 d5 2. c4 c6 3. Nc3 Nf6 4. Nf3 dxc4 5. e4 b5 6. e5 Nd5 7. Ne4 Bf5 8. Qe2 Bxe4 9. Qxe4 e6 10. a4 Bb4+ 11. Bd2 Qe7 12. Be2 Bxd2+ 13. Nxd2 Qb4 14. Qc2 Nf4 15. Ra3 Nd7 16. Bf3 Nd3+ 17. Rxd3 cxd3 18. Qxc6 Rd8 19. axb5 O-O 20. Qe4 Qxb2 21. Qxd3 Nxe5 22. Qe4 Rxd4 23. Qxe5 Qxd2+ 24. Kf1 Qd3+ 25. Ke1 Qb1+ 26. Ke2 Qc2+ 27. Ke1 Qc3+ 28. Kf1 Rd1+ 29. Bxd1 Qxe5 30. Bc2 Qxb5+ 0-1


[Site "https://www.chess.com"]

[Event "Titled Tuesday Blitz January 03 Early 2023"]
[White "Matveeva, Olga"]
[Black "Tomaszewski, Kacper"]
[WhiteFideId "24107018"]
[BlackFideId "1127373"]
[WhiteElo "2128"]
[BlackElo "2313"]
[Result "0-1"]
[Round "03"]
[TimeControl "180+2"]
[Date "2023.01.03"]
[WhiteClock "0:00:05"]
[BlackClock "0:00:22"]

1. d4 d5 2. c4 c6 3. Nf3 e6 4. e3 Nd7 5. b3 f5 6. Bd3 Nh6 7. Bb2 Bd6 8. Ne5 O-O 9. Nd2 Qc7 10. Ndf3 Ng4 11. Nxd7 Bxd7 12. c5 Be7 13. h3 Nh6 14. Ne5 Nf7 15. f4 Bh4+ 16. Kd2 Nxe5 17. fxe5 Be8 18. Qf3 Bg6 19. g3 Be7 20. h4 h5 21. Qf4 Be8 22. Ke2 b6 23. cxb6 axb6 24. Rhc1 c5 25. Kf2 Qd8 26. Kg2 Rc8 27. a4 Ra8 28. Rc2 Qb8 29. Rac1 Bf7 30. Ba3 Rc8 31. Qf1 Qb7 32. Qf4 c4 33. Bxe7 cxd3 34. Rxc8+ Rxc8 35. Rxc8+ Qxc8 36. Qf2 Qc3 37. Kf3 d2 38. Qe2 Qc2 39. Qa6 d1=Q+ 0-1


[Site "https://www.chess.com"]

[Event "Titled Tuesday Blitz January 03 Early 2023"]
[White "Zia, Tahsin Tajwar"]
[Black "Rangel, Daniel"]
[WhiteFideId "10211888"]
[BlackFideId "2124475"]
[WhiteElo "2315"]
[BlackElo "2207"]
[Result "1/2-1/2"]
[Round "03"]
[TimeControl "180+2"]
[Date "2023.01.03"]
[WhiteClock "0:00:07"]
[BlackClock "0:00:05"]

1. d4 Nf6 2. c4 e6 3. Nc3 Bb4 4. a3 Be7 5. e4 d6 6. Nf3 O-O 7. Be2 c5 8. d5 e5 9. O-O Re8 10. Ne1 Nbd7 11. Nd3 Nf8 12. f4 exf4 13. Bxf4 Ng6 14. Bg3 Bf8 15. Bf3 a6 16. Re1 Rb8 17. e5 dxe5 18. Nxe5 Bd6 19. Nxg6 Rxe1+ 20. Qxe1 hxg6 21. Rd1 Bf5 22. Bxd6 Qxd6 23. Qg3 Qxg3 24. hxg3 b5 25. cxb5 axb5 26. d6 Kf8 27. Bc6 b4 28. axb4 cxb4 29. Nd5 Ne4 30. d7 Rd8 31. Nxb4 Nxg3 32. Bb5 Be4 33. Kf2 Nf5 34. g4 Ne7 35. Ke3 Ba8 36. Rd6 g5 37. Kd4 f5 38. Ke5 f4 39. Ke6 f3 40. Nc6 Bxc6 41. Bxc6 Ng6 42. Bxf3 Nf4+ 43. Kf5 Ke7 44. Rd1 Rf8+ 45. Kxg5 Ne6+ 46. Kg6 Rxf3 47. d8=Q+ Nxd8 48. Kxg7 Ne6+ 49. Kh6 Kf6 50. g5+ Nxg5 51. Rd6+ Ne6 52. Kh5 Ke7 53. Ra6 Kf6 54. Kg4 Rf4+ 55. Kg3 Rb4 56. Ra2 Kf5 57. Kf3 Rb3+ 58. Ke2 Ke4 59. Kd2 Rh3 60. Kc2 Nd4+ 61. Kd2 Kd5 62. Ra5+ Kc4 63. Ra4+ Kc5 64. Ra5+ Nb5 65. Ra8 Kb4 66. Rb8 Kc4 67. Rc8+ Kd5 68. Rb8 Nd6 69. Kc2 Kd4 70. Rb3 Rh2+ 71. Kb1 Nc4 72. Ka2 Kc5 73. Rg3 Kb4 74. Rb3+ Ka4 75. Rb8 Na5 76. Rb6 Rg2 77. Rb8 Rc2 78. Rb6 Re2 79. Rb8 Nc4 80. Rb7 Ka5 81. Rb3 Ka6 82. Rb4 Nb6 83. Ka3 Kb7 84. b3 Kc6 85. Rh4 Kc5 86. Rh5+ Nd5 87. Rg5 Kd4 88. Rg4+ Kc3 89. Rg3+ Kc2 90. b4 Nc3 91. Rh3 Re1 92. b5 Nxb5+ 93. Kb4 Nc3 94. Rxc3+ Kd2 95. Rb3 Re4+ 96. Kc5 Kc2 97. Rb4 Re5+ 98. Kd6 Rh5 99. Rd4 Kc3 100. Rd5 Rxd5+ 101. Kxd5 1/2-1/2


[Site "https://www.chess.com"]

[Event "Titled Tuesday Blitz January 03 Early 2023"]
[White "Liu, Kelsey"]
[Black "Bazarov, Konstantin"]
[WhiteFideId "30944481"]
[BlackFideId "4137000"]
[WhiteElo "2065"]
[BlackElo "2235"]
[Result "0-1"]
[Round "03"]
[TimeControl "180+2"]
[Date "2023.01.03"]
[WhiteClock "0:00:01"]
[BlackClock "0:00:14"]

1. e4 d5 2. exd5 Qxd5 3. Nf3 Nf6 4. Nc3 Qd6 5. Bc4 a6 6. d4 b5 7. Bb3 Bb7 8. Be3 e6 9. Ne2 c5 10. c3 Be7 11. dxc5 Qxd1+ 12. Rxd1 Nbd7 13. Bc2 Nxc5 14. Ned4 O-O 15. O-O Rfd8 16. Ne5 Rac8 17. f3 Ncd7 18. Nd3 Nd5 19. Bf2 Bf6 20. Bb3 N7b6 21. Nc2 Be7 22. Nd4 Nc4 23. Rfe1 Kf8 24. Re2 Na5 25. Bc2 Nc4 26. Bb3 Ba8 27. Ree1 Ndb6 28. Bg3 g6 29. Ne5 Nxb2 30. Rb1 N2c4 31. Bf4 Bc5 32. Kh1 Bxd4 33. cxd4 Rxd4 34. Bh6+ Ke7 35. Ng4 f6 36. Bg7 Nd7 37. a4 h5 38. Nf2 Kf7 39. Bh6 g5 40. axb5 axb5 41. Bc2 Bc6 42. Ne4 Rg8 43. Red1 Rxd1+ 44. Rxd1 b4 45. h4 g4 46. fxg4 Rxg4 47. Nf2 Rxh4+ 48. Kg1 Nce5 0-1


[Site "https://www.chess.com"]

[Event "Titled Tuesday Blitz January 03 Early 2023"]
[White "Golubova, Anna"]
[Black "Grot, Blazej"]
[WhiteFideId "24173606"]
[BlackFideId "21835845"]
[WhiteElo "2156"]
[BlackElo "1990"]
[Result "0-1"]
[Round "03"]
[TimeControl "180+2"]
[Date "2023.01.03"]
[WhiteClock "0:00:20"]
[BlackClock "0:00:22"]

1. d4 Nf6 2. Nf3 e6 3. g3 Be7 4. Bg2 O-O 5. O-O d5 6. c4 c6 7. Nc3 b6 8. Qd3 Bb7 9. e4 Na6 10. e5 Ne8 11. Rd1 c5 12. cxd5 Nb4 13. Qd2 Nxd5 14. a3 Nec7 15. Ne4 cxd4 16. Nxd4 h6 17. Qe2 Qe8 18. Qg4 Kh7 19. Nd6 Bxd6 20. exd6 Nb5 21. Be4+ f5 22. Nxf5 exf5 23. Bxf5+ Kh8 24. Bd2 Nxd6 25. Re1 Qf7 26. Re5 Nxf5 27. Rae1 Nfe7 28. R1e2 Ng6 29. Rh5 Nf6 30. Rxh6+ gxh6 31. Qh4 Rfe8 32. Qxh6+ Kg8 33. Be3 Ng4 34. Qg5 Nxe3 35. fxe3 Re5 36. Qg4 Rf8 0-1


[Site "https://www.chess.com"]

[Event "Titled Tuesday Blitz January 03 Early 2023"]
[White "Krstic, Milos"]
[Black "Crispin Ferreras, Darvi Abraham"]
[WhiteFideId "954888"]
[BlackFideId "6402771"]
[WhiteElo "2183"]
[BlackElo "2103"]
[Result "1/2-1/2"]
[Round "03"]
[TimeControl "180+2"]
[Date "2023.01.03"]
[WhiteClock "0:00:39"]
[BlackClock "0:00:37"]

1. e4 e6 2. d4 d5 3. exd5 exd5 4. Bd3 Bd6 5. Ne2 Ne7 6. O-O Bf5 7. Bf4 Nbc6 8. c3 Qd7 9. Bxd6 Qxd6 10. b4 a6 11. a4 Nd8 12. Ng3 Bxd3 13. Qxd3 Qg6 14. Qe2 Ne6 15. Nd2 O-O 16. Nf3 Rfe8 17. Ne5 Qf6 18. Rfe1 Nf4 19. Qf3 Neg6 20. Nxg6 hxg6 21. Ne2 Nxe2+ 22. Rxe2 Qxf3 23. Rxe8+ Rxe8 24. gxf3 Re2 25. Ra3 Kf8 26. Kf1 Rc2 27. Rb3 Ke7 28. Kg2 Kd6 29. Kg3 b5 30. axb5 axb5 31. f4 c6 32. h4 Ke6 33. f3 Rc1 34. Ra3 Kf5 35. Rb3 Rg1+ 36. Kf2 Rh1 37. Kg3 Rg1+ 38. Kf2 Ra1 39. Kg3 Ra2 40. Rb1 Rc2 41. Rb3 Rc1 42. Ra3 Rg1+ 43. Kf2 Rc1 44. Kg3 Rc2 45. Rb3 Ra2 46. Rb1 Ra3 47. Rc1 Rb3 48. Rc2 f6 49. Rc1 Rb2 50. Ra1 Rb3 51. Rc1 g5 52. fxg5 fxg5 53. hxg5 Kxg5 54. Rc2 Kf5 55. Rc1 g5 56. Rc2 Rb1 57. Ra2 Rc1 58. Ra3 Rc2 59. Rb3 Rd2 60. Ra3 Rd3 61. Kg2 Kf4 62. Ra8 Rxc3 63. Rf8+ Ke3 64. Rg8 Ke2 65. Re8+ Re3 66. Rc8 Rxf3 67. Rxc6 Rd3 68. Rc5 Rxd4 69. Rxb5 Kd3 70. Rb8 Kc3 71. b5 Rb4 72. Kf3 d4 73. Ke4 Kd2 74. b6 d3+ 75. Kf3 g4+ 76. Kf2 Kd1 77. b7 d2 78. Kg2 Rb3 79. Kf2 g3+ 80. Kg2 Kc2 81. Rc8+ Kb1 82. b8=Q d1=Q 83. Qf4 Qd5+ 84. Kg1 Qd1+ 85. Qf1 Qxf1+ 86. Kxf1 Rb2 87. Rg8 g2+ 88. Rxg2 Rxg2 89. Kxg2 1/2-1/2


[Site "https://www.chess.com"]

[Event "Titled Tuesday Blitz January 03 Early 2023"]
[White "Ibadov, Dashgyn"]
[Black "Thiel, Thomas"]
[WhiteFideId "24107514"]
[BlackFideId "4615964"]
[WhiteElo "2391"]
[BlackElo "2234"]
[Result "1-0"]
[Round "03"]
[TimeControl "180+2"]
[Date "2023.01.03"]
[WhiteClock "0:00:24"]
[BlackClock "0:00:04"]

1. e4 d5 2. exd5 Nf6 3. Nf3 Nxd5 4. d4 g6 5. c4 Nb6 6. c5 Nd5 7. Nc3 Bg7 8. Bc4 Nxc3 9. bxc3 O-O 10. O-O Nc6 11. Bg5 h6 12. Bh4 Na5 13. Bd3 b6 14. cxb6 axb6 15. Re1 g5 16. Bg3 Ba6 17. Bxa6 Rxa6 18. Qe2 Ra7 19. Qxe7 Qxe7 20. Rxe7 Nb3 21. Rb1 Na5 22. Rxc7 Rxc7 23. Bxc7 Rc8 24. Bxb6 Nc4 25. Bc5 Bf8 26. Bxf8 Kxf8 27. a4 Nd6 28. Ra1 Rxc3 29. a5 Nb5 30. a6 Na7 31. Kf1 Rc7 32. Ne5 f6 33. Nd3 Ke7 34. Rb1 Kd7 35. Rb7 Rxb7 36. axb7 Kc7 37. Nc5 Nb5 38. d5 Nd6 39. Ke2 Kb8 40. Kd3 Kc7 41. f3 Kb8 42. g4 Kc7 43. Kd4 Kb8 44. Nd7+ Kxb7 45. Nxf6 Kc7 46. Ke5 Nc4+ 47. Ke6 Kd8 48. Ng8 Nd2 49. Nxh6 Nxf3 50. d6 Nd4+ 51. Kf6 Nf3 52. h3 Kd7 53. Nf7 Ke8 54. Nxg5 Nd4 55. h4 1-0


[Site "https://www.chess.com"]

[Event "Titled Tuesday Blitz January 03 Early 2023"]
[White "Fajdetic, Hrvoje"]
[Black "Walentukiewicz, Michal"]
[WhiteFideId "14501945"]
[BlackFideId "1126903"]
[WhiteElo "2151"]
[BlackElo "2060"]
[Result "0-1"]
[Round "03"]
[TimeControl "180+2"]
[Date "2023.01.03"]
[WhiteClock "0:00:11"]
[BlackClock "0:02:52"]

1. d4 Nf6 2. Bf4 c5 3. e3 cxd4 4. exd4 g6 5. Nc3 Bg7 6. h4 O-O 7. h5 Nxh5 8. Rxh5 gxh5 9. Qxh5 d6 10. Bd3 f5 11. O-O-O Nc6 12. Nf3 Qe8 13. Bc4+ Kh8 14. Qh2 e5 15. dxe5 dxe5 16. Bh6 Qg6 17. Bxg7+ Qxg7 18. Rh1 e4 19. Nd2 Ne5 20. Be2 Be6 21. g4 Nxg4 22. Bxg4 fxg4 23. Ndxe4 Bf5 24. Ng3 Bg6 25. Kb1 Rac8 26. Nh5 Bxh5 27. Qxh5 Rxf2 28. a3 g3 29. Rg1 g2 30. Qh3 Rcf8 31. Ka2 Qf7+ 32. b3 Qf3 33. Qxf3 R8xf3 34. Kb2 h5 35. Ne4 h4 36. Nxf2 Rxf2 0-1


[Site "https://www.chess.com"]

[Event "Titled Tuesday Blitz January 03 Early 2023"]
[White "MIM06"]
[Black "Gonzalez, Francisco Silva"]
[BlackFideId "1512285"]
[WhiteElo "2273"]
[BlackElo "2021"]
[Result "1-0"]
[Round "03"]
[TimeControl "180+2"]
[Date "2023.01.03"]
[WhiteClock "0:00:38"]
[BlackClock "0:01:45"]

1. e4 e5 2. Nf3 Nc6 3. Bc4 Bc5 4. c3 Nf6 5. d3 d6 6. O-O a6 7. b4 Ba7 8. a4 Ne7 9. Nbd2 Ng6 10. Re1 h6 11. Nf1 Bg4 12. Be3 Nh4 13. N1d2 Nxf3+ 14. Nxf3 O-O 15. Bxa7 Rxa7 16. h3 Bd7 17. Qd2 Ra8 18. d4 Qe7 19. Bd3 b5 20. axb5 axb5 21. Ra5 Rxa5 22. bxa5 c5 23. dxe5 dxe5 24. Ra1 c4 25. Bc2 Ra8 26. Qe3 Bc6 27. a6 Nd7 28. a7 g5 29. Ra6 Bb7 30. Rxh6 f6 31. h4 Kg7 32. hxg5 fxg5 33. Rh5 Bc6 34. Rxg5+ Kf6 35. Rf5+ Kg7 36. Ng5 Nf6 37. Qg3 Kh6 38. Rxe5 Qd6 39. Nf7+ Kh7 40. Nxd6 Rxa7 41. Qh4+ Kg8 42. Qxf6 b4 43. Rg5+ Kh7 44. Qg6+ Kh8 45. Qg8# 1-0


[Site "https://www.chess.com"]

[Event "Titled Tuesday Blitz January 03 Early 2023"]
[White "Andreev, Konstantin"]
[Black "Osiecki, Stanislaw"]
[WhiteFideId "24239305"]
[BlackFideId "1102990"]
[WhiteElo "2195"]
[BlackElo "2055"]
[Result "1/2-1/2"]
[Round "03"]
[TimeControl "180+2"]
[Date "2023.01.03"]
[WhiteClock "0:00:22"]
[BlackClock "0:00:11"]

1. e4 e6 2. d4 d5 3. Nc3 Bb4 4. e5 c5 5. a3 Bxc3+ 6. bxc3 Qc7 7. Qg4 f5 8. Qg3 cxd4 9. cxd4 Ne7 10. c3 O-O 11. Bd2 b6 12. Bd3 Ba6 13. Bxa6 Nxa6 14. Ne2 Qd7 15. h4 Nc6 16. h5 Na5 17. Rh3 Nb3 18. Ra2 Nxd2 19. Rxd2 Rf7 20. Qe3 Qb5 21. Nf4 Re8 22. Rg3 Qb1+ 23. Ke2 Qe4 24. Qxe4 fxe4 25. Rg4 Nc7 26. Ke3 Nb5 27. c4 Nxa3 28. cxd5 Nc4+ 29. Ke2 Nxd2 30. Kxd2 exd5 31. Nxd5 Rd8 32. e6 Rxd5 33. exf7+ Kxf7 34. Rxe4 Rxh5 35. Kd3 Ra5 36. Kc4 Ra2 37. Rf4+ Ke6 38. g4 h6 39. Rf8 a5 40. f3 a4 41. Re8+ Kd6 42. Rd8+ Kc7 43. Rg8 Rb2 44. Rxg7+ Kc6 45. d5+ Kd6 46. Rg6+ Kc7 47. Rg7+ Kd6 48. Rg6+ Kc7 49. Rxh6 a3 50. Kc3 Rf2 51. g5 Rxf3+ 52. Kc4 a2 53. Rh1 Rg3 54. Ra1 Rxg5 55. Rxa2 Rg4+ 56. Kb5 Rd4 57. Rc2+ Kd6 58. Kxb6 Kxd5 59. Rc8 Rb4+ 60. Ka5 Rc4 61. Rd8+ Kc5 62. Ka6 Ra4+ 63. Kb7 Ra2 64. Rh8 Kd5 65. Kc7 Rc2+ 66. Kd7 Ra2 67. Rh5+ Ke4 68. Kd6 Ra6+ 69. Ke7 Ra7+ 70. Kd8 Ra8+ 71. Kc7 Ra7+ 72. Kb8 Rf7 73. Rh4+ Ke5 74. Ra4 Kd6 75. Ra6+ Kc5 76. Ra1 Rf8+ 77. Kc7 Rf7+ 78. Kd8 Rf6 79. Ke7 Rf4 80. Rc1+ Kd4 81. Rd1+ Ke4 82. Ke6 Kf3 83. Rd3+ Kg4 84. Ra3 Rf3 85. Ra4+ Kg3 86. Ke5 Kf2 87. Ke4 Re3+ 88. Kf4 Rf3+ 89. Kg4 Rg3+ 90. Kh4 Rc3 91. Re4 Kf3 92. Re7 Rc4+ 93. Kg5 Rc5+ 94. Kf6 Rc6+ 95. Ke5 Rc5+ 96. Kd4 Rf5 97. Re3+ Kf4 98. Re4+ Kg5 99. Re8 Rf4+ 100. Ke3 Rf5 101. Rg8+ Kf6 102. Ke4 Re5+ 103. Kf4 Rf5+ 104. Kg4 Ra5 105. Rb8 Ra4+ 106. Kf3 Ra3+ 107. Ke4 Ra4+ 108. Kd3 Ra3+ 1/2-1/2


[Site "https://www.chess.com"]

[Event "Titled Tuesday Blitz January 03 Early 2023"]
[White "Shubenkova, Veronika"]
[Black "Zainullina, Nataliya"]
[WhiteFideId "44124040"]
[BlackFideId "4145488"]
[WhiteElo "1960"]
[BlackElo "2099"]
[Result "0-1"]
[Round "03"]
[TimeControl "180+2"]
[Date "2023.01.03"]
[WhiteClock "0:00:11"]
[BlackClock "0:00:28"]

1. e4 c6 2. d4 d5 3. Nc3 dxe4 4. Nxe4 Nf6 5. Nxf6+ exf6 6. c3 Bd6 7. Bd3 O-O 8. Ne2 Re8 9. Qc2 h6 10. Be3 Na6 11. O-O-O Qa5 12. Kb1 b5 13. Nc1 Nc7 14. Nb3 Qb6 15. d5 c5 16. Rhe1 Bd7 17. h3 a5 18. g4 a4 19. Nc1 b4 20. cxb4 Qxb4 21. Bd2 Qb7 22. Rxe8+ Rxe8 23. f4 Nxd5 24. Be4 Bc6 25. Bh7+ Kh8 26. g5 g6 27. Bxg6 fxg6 28. Qxg6 Qg7 29. Qh5 Nxf4 30. Bxf4 Bxf4 31. gxh6 Qxh6 32. Qxc5 Be4+ 33. Ka1 a3 34. Qxa3 Bxc1 35. Qa4 Re7 36. Rd8+ Kh7 37. Rd7 Qg7 38. Rd4 f5 39. Qd1 Bh6 40. Rd6 Rc7 0-1


[Site "https://www.chess.com"]

[Event "Titled Tuesday Blitz January 03 Early 2023"]
[White "Butolo, Alexandru-Mircea"]
[Black "Remizov, Yaroslav"]
[WhiteFideId "1261649"]
[BlackFideId "34134015"]
[WhiteElo "2033"]
[BlackElo "2421"]
[Result "0-1"]
[Round "03"]
[TimeControl "180+2"]
[Date "2023.01.03"]
[WhiteClock "0:00:03"]
[BlackClock "0:02:17"]

1. d4 Nf6 2. c4 b6 3. Nc3 Bb7 4. Nf3 g6 5. g3 Bg7 6. Bg2 O-O 7. O-O d6 8. Qc2 Nbd7 9. Nd2 Bxg2 10. Kxg2 c6 11. Nde4 Nxe4 12. Qxe4 Rc8 13. Bg5 Re8 14. Rad1 h6 15. Be3 e5 16. dxe5 Nxe5 17. b3 h5 18. Qc2 Ng4 19. Bf4 d5 20. Qc1 Qf6 21. Na4 Rxe2 22. cxd5 g5 23. Bxg5 Rxf2+ 24. Kg1 Qf3 0-1


[Site "https://www.chess.com"]

[Event "Titled Tuesday Blitz January 03 Early 2023"]
[White "Qashashvili, Alexandre"]
[Black "Samunenkov, Ihor"]
[WhiteFideId "13600842"]
[BlackFideId "14187086"]
[WhiteElo "2505"]
[BlackElo "2501"]
[Result "0-1"]
[Round "03"]
[TimeControl "180+2"]
[Date "2023.01.03"]
[WhiteClock "0:00:08"]
[BlackClock "0:00:13"]

1. e4 c6 2. d4 d5 3. Nc3 dxe4 4. Nxe4 Bf5 5. Ng3 Bg6 6. Bd3 Qxd4 7. Bxg6 Qxd1+ 8. Kxd1 hxg6 9. Nf3 Nf6 10. Be3 e6 11. Ke2 Nbd7 12. Rhd1 Bc5 13. h3 Bxe3 14. Kxe3 Ke7 15. c4 a5 16. b3 Nc5 17. Ne5 Rhd8 18. f3 Rxd1 19. Rxd1 g5 20. Ne4 Nfxe4 21. fxe4 f6 22. Nf3 e5 23. Ne1 Rh8 24. Rd2 Rh4 25. Nf3 Rxe4+ 26. Kf2 g4 27. hxg4 Rxg4 28. Rd1 e4 29. Nd4 g6 30. Ne2 Nd3+ 31. Ke3 f5 32. g3 Kf6 33. a3 g5 34. Rh1 Ke5 35. Rh5 b5 36. cxb5 cxb5 37. Rh8 f4+ 38. gxf4+ gxf4+ 39. Kd2 Nc5 40. Re8+ Ne6 41. b4 axb4 42. axb4 e3+ 43. Kd3 f3 44. Nc3 e2 45. Nxe2 fxe2 46. Kxe2 Rxb4 47. Kd3 Rc4 48. Rb8 Nc5+ 49. Kd2 b4 50. Rb5 Kd4 51. Rb8 Ne4+ 52. Kd1 Kc3 53. Rd8 b3 54. Kc1 b2+ 55. Kb1 Nd2+ 56. Rxd2 Kxd2 57. Kxb2 Rb4+ 58. Ka3 Kc3 59. Ka2 Kc2 60. Ka3 Rc4 61. Ka2 Ra4# 0-1


[Site "https://www.chess.com"]